Map: Oxide LE

Players

Peter - Winner!

  • Race: Zerg Zerg
  • League: Diamond
  • Spawn Location: 7:00

Willdroyd

  • Race: Protoss Protoss
  • League: Platinum
  • Spawn Location: 1:00

VOD

Have the link to the VOD?

Description

My bad play resulting in me losing. Plat 2 vs Diamond 3. I want Tips. From - Willdroyd

Time

  • Played on: Feb. 3, 2021, 5:46 a.m.
  • Length: 14:26
Show
View Real Time Build Order
Export as new Build Order

Peter Zerg - Winner!

Build Orders: Hatch First 

Get SALT Encoding   

  12  0:01  Drone  
  13  0:09  Drone  
  14  0:17  Overlord  
  14  0:41  Hatchery  
  13  0:45  Drone  
  13  0:48  Drone  
  15  0:52  Drone  
  16  1:08  Spawning Pool  
  16  1:11  Drone  
  16  1:15  Extractor  
  16  1:16  Drone  
  16  1:20  Drone  
  17  1:29  Drone  
  18  1:41  Drone  
  19  1:50  Drone  
  19  1:53  Drone  
  21  1:57  Queen x2  
  25  2:01  Drone  
  26  2:12  Drone x2  
  28  2:23  Overlord  
  28  2:34  Metabolic Boost  
  28  2:40  Hatchery, Overlord  
  28  2:43  Drone  
  28  2:44  Drone x2  
  30  2:46  Drone  
  31  2:53  Zergling x2  
  31  2:56  Drone  
  33  2:59  Drone  
  33  3:03  Queen  
  33  3:05  Drone  
  35  3:42  Drone x3  
  35  3:43  Drone x6  
  44  3:50  Overlord x4  
  44  4:04  Zergling x8  
  44  4:05  Zergling x2  
  44  4:08  Lair  
  49  4:18  Drone  
  49  4:22  Drone x3, Extractor  
  52  4:24  Drone  
  52  4:31  Drone x2, Extractor  
  52  4:32  Hatchery, Drone x3  
  52  4:33  Queen, Extractor  
  57  4:39  Zergling x6  
  57  4:44  Spore Crawler  
  59  4:54  Zergling x4  
  59  4:55  Zergling x6  
  59  4:59  Spore Crawler  
  63  5:05  Queen  
  63  5:07  Spore Crawler, Drone x4  
  64  5:10  Drone x2  
  64  5:14  Drone x2  
  72  5:17  Drone x2  
  72  5:18  Overlord x2  
  74  5:28  Baneling Nest  
  74  5:31  Hydralisk Den  
  74  5:32  Evolution Chamber  
  74  5:34  Drone x3  
  74  5:35  Evolution Chamber  
  73  5:36  Drone  
  74  5:55  Zergling x8  
  74  5:56  Overlord x2  
  78  5:59  Drone x6  
  78  6:01  Drone  
  78  6:03  Drone  
  86  6:06  Queen  
  88  6:12  Overlord x2  
  88  6:16  Grooved Spines  
  83  6:42  Hydralisk x7  
  83  6:43  Hydralisk x3  
  103  6:50  Drone x5  
  103  6:51  Drone x2  
  110  7:04  Queen  
  110  7:05  Drone x3  
  115  7:09  Spore Crawler  
  115  7:13  Zerg Missile Weapons Level 1, Zerg Ground Armor Level 1  
  114  7:16  Hydralisk x2  
  114  7:17  Hydralisk  
  114  7:18  Overlord  
  114  7:19  Overlord x2  
  120  7:26  Extractor  
  120  7:27  Drone  
  120  7:28  Muscular Augments  
  120  7:29  Extractor  
  119  7:30  Drone  
  119  7:32  Overlord x2  
  120  7:46  Infestation Pit  
  120  7:47  Drone x2  
  120  7:48  Drone  
  120  7:50  Drone  
  123  7:53  Hydralisk x6  
  123  7:54  Hydralisk x5  
  123  7:55  Hydralisk  
  146  8:05  Drone x3  
  147  8:06  Drone x2  
  137  8:32  Spore Crawler  
  118  8:43  Extractor  
  118  8:44  Extractor  
  118  8:45  Drone x7  
  118  8:46  Drone x6  
  118  8:47  Drone  
  128  9:02  Hydralisk  
  128  9:03  Hydralisk x7  
  128  9:04  Hydralisk x3  
  144  9:11  Hive  
  144  9:14  Zerg Missile Weapons Level 2, Zerg Melee Weapons Level 1  
  138  9:18  Zergling x4  
  138  9:19  Zergling x12  
  138  9:20  Zergling x2  
  138  9:21  Evolution Chamber  
  138  9:22  Queen  
  148  9:32  Drone x2  
  148  9:36  Drone  
  148  9:38  Hydralisk x4  
  151  9:41  Hatchery  
  151  9:43  Overlord x3  
  151  9:44  Overlord x3  
  158  9:52  Hydralisk  
  158  9:54  Overlord  
  158  9:55  Overlord x2  
  160  10:06  Hydralisk  
  160  10:07  Hydralisk x4  
  162  10:08  Hydralisk  
  172  10:18  Zerg Ground Armor Level 2  
  172  10:23  Zergling x12  
  172  10:24  Zergling x2  
  172  10:28  Ultralisk Cavern, Adrenal Glands  
  178  10:30  Hatchery  
  178  10:34  Drone x2  
  178  10:35  Drone  
  180  10:43  Zergling x12  
  180  10:44  Zergling x12  
  180  10:46  Zergling x2  
  193  10:57  Queen  
  195  11:05  Hydralisk x2  
  195  11:07  Overlord x4  
  199  11:11  Zerg Melee Weapons Level 2  
  199  11:15  Anabolic Synthesis  
  199  11:22  Overlord  
  199  11:23  Overlord  
  174  11:57  Chitinous Plating  
  174  12:07  Ultralisk x4  
  198  12:10  Spire  
  197  12:25  Spore Crawler  
  197  12:26  Spore Crawler  
  197  12:27  Queen  
  197  12:48  Hatchery  
  191  12:51  Hatchery  
  167  13:04  Hydralisk  
  167  13:05  Ultralisk x6  
  181  13:06  Ultralisk x2, Zergling x2  
  181  13:07  Zergling x14  
  181  13:08  Zergling x14  
  181  13:09  Zergling x2  
  183  13:15  Hydralisk x3  
  185  13:28  Hydralisk  
  185  13:29  Ultralisk  
  185  13:30  Zergling x6  
  185  13:31  Overlord, Zergling x4  
  198  13:50  Corruptor  
Show
View Real Time Build Order
Export as new Build Order

Willdroyd Protoss 

Build Orders: Oracle Opening 

Get SALT Encoding   

  12  0:00  Probe  
  13  0:12  Probe  
  14  0:18  Pylon  
  14  0:24  Probe  
  15  0:37  Probe  
  15  0:40  Gateway  
  16  0:49  Probe, Assimilator  
  17  1:01  Probe (Chrono Boost)  
  18  1:13  Probe (Chrono Boost)  
  19  1:20  Probe (Chrono Boost)  
  19  1:24  Pylon  
  20  1:33  Cybernetics Core  
  20  1:45  Nexus  
  20  1:48  Probe  
  20  1:54  Assimilator  
  21  2:00  Probe  
  22  2:12  Probe  
  22  2:14  Adept  
  24  2:22  Stargate  
  24  2:25  Probe  
  25  2:34  Warp Gate  
  25  2:37  Probe  
  26  2:47  Adept  
  28  2:56  Probe (Chrono Boost)  
  29  2:59  Pylon  
  29  3:00  Probe (Chrono Boost)  
  30  3:07  Oracle (Chrono Boost)  
  30  3:10  Probe (Chrono Boost)  
  30  3:11  Probe (Chrono Boost)  
  35  3:15  Probe (Chrono Boost)  
  35  3:18  Probe  
  37  3:26  Probe  
  38  3:30  Probe  
  37  3:50  Probe  
  37  3:51  Probe  
  37  3:52  Oracle  
  43  4:02  Probe  
  43  4:03  Stalker, Probe  
  46  4:14  Probe  
  46  4:15  Probe  
  48  4:17  Shield Battery  
  48  4:25  Gateway  
  48  4:27  Probe x2  
  48  4:28  Gateway  
  50  4:32  Pylon  
  50  4:38  Pylon  
  50  4:39  Probe x2  
  52  4:49  Stalker, Nexus  
  52  4:51  Pylon  
  54  4:54  Pylon  
  54  4:59  Pylon  
  54  5:01  Void Ray (Chrono Boost)  
  54  5:12  Probe x2  
  60  5:21  Stalker x2  
  62  5:25  Stalker  
  66  5:38  Robotics Facility  
  66  5:39  Twilight Council  
  66  5:43  Forge  
  66  5:49  Gateway  
  66  5:50  Probe  
  66  5:51  Probe  
  66  5:52  Gateway  
  68  5:57  Assimilator  
  68  5:59  Assimilator  
  68  6:03  Probe x2  
  70  6:12  Probe  
  70  6:15  Probe x2  
  72  6:27  Probe x2  
  70  6:32  Zealot  
  70  6:33  Zealot x2  
  74  6:54  Probe  
  74  6:55  Probe  
  76  7:06  Probe  
  76  7:07  Probe, Protoss Ground Weapons Level 1 (Chrono Boost)  
  78  7:09  Shield Battery  
  78  7:11  Shield Battery, Nexus  
  78  7:14  Observer (Chrono Boost)  
  79  7:17  Charge  
  79  7:19  Probe x2  
  79  7:21  Gateway  
  81  7:23  Gateway  
  81  7:24  Gateway  
  81  7:27  Shield Battery  
  81  7:28  Observer (Chrono Boost)  
  82  7:31  Void Ray (Chrono Boost)  
  82  7:33  Robotics Bay  
  82  7:35  Pylon x2  
  82  7:36  Pylon  
  82  7:43  Warp Prism (Chrono Boost)  
  85  8:13  Stalker x4  
  85  8:14  Stalker  
  89  8:25  Probe x2  
  89  8:26  Probe  
  86  8:29  Zealot x2  
  86  8:30  Zealot  
  81  8:35  Colossus (Chrono Boost)  
  81  8:37  Probe  
  75  8:43  Probe x2  
  75  8:45  Stalker, Zealot x3  
  75  8:46  Stalker  
  77  8:49  Probe  
  76  8:55  Probe  
  76  8:56  Sentry x2  
  76  8:58  Blink  
  75  9:06  Stalker x2  
  75  9:10  Stalker  
  77  9:19  Colossus (Chrono Boost)  
  83  9:25  Shield Battery  
  83  9:26  Shield Battery, Protoss Shields Level 1 (Chrono Boost)  
  83  9:33  Stalker x2  
  86  9:54  Probe x2  
  88  10:03  Extended Thermal Lance (Chrono Boost)  
  88  10:06  Probe x2  
  90  10:07  Nexus  
  90  10:09  Assimilator  
  90  10:11  Assimilator  
  90  10:15  Pylon  
  90  10:21  Observer (Chrono Boost)  
  91  10:26  Pylon  
  91  10:27  Pylon  
  91  10:28  Pylon  
  91  10:31  Probe  
  91  10:32  Probe  
  91  10:34  Observer (Chrono Boost)  
  94  10:44  Probe x2  
  96  10:53  Warp Prism  
  96  10:56  Probe x2  
  100  11:02  Zealot x8  
  116  11:10  Probe x2  
  118  11:22  Probe  
  119  11:28  Probe x2  
  121  11:34  Probe  
  115  11:40  Probe, Shield Battery  
  72  11:57  Zealot x2  
  72  11:58  Stalker x2, Zealot x2  
  72  11:59  Stalker  
  75  12:05  Stalker  
  77  12:16  Stargate  
  77  12:17  Observer, Void Ray  
  81  12:54  Zealot x5  
  77  13:00  Sentry x3  
  65  13:20  Pylon  
  65  13:23  Pylon  
  65  13:41  Shield Battery  
  65  13:44  Nexus  
  65  13:47  Pylon  
  65  14:08  Sentry x2  
  65  14:09  Sentry  
Tags
 
Add a new tag
Caveats
  • Supply blocks, unpowered buildings, or Contaminate may cause inaccurate times.
  • Supply counts are checked every 10 seconds.